 Dungeon Crawl Stone Soup version 0.29.1-1-gd02db6906a (webtiles) character file.

Game seed: 11519994262402257094

162 GigaChad the Trooper (level 5, -2/48 HPs)
             Began as a Minotaur Fighter on Sept 19, 2022.
             Succumbed to Terence's poison
             ... on level 3 of the Dungeon on Sept 21, 2022.
             The game lasted 00:20:35 (3757 turns).

GigaChad the Trooper (Minotaur Fighter)             Turns: 3757, Time: 00:20:36

Health: -2/48      AC:  9    Str: 22    XL:     5   Next: 19%
Magic:  4/4        EV:  8    Int:  5    God:
Gold:   120        SH:  5    Dex: 10    Spells: 4/4 levels left

rFire   . . .      SeeInvis .   n - +2 whip (pain)
rCold   . . .      Faith    .   c - +1 buckler
rNeg    . . .      Spirit   .   g - +0 chain mail
rPois   .          Reflect  .   (helmet restricted)
rElec   .          Harm     .   (no cloak)
rCorr   .          Rampage  .   (no gloves)
Will    .....                   (no boots)
Stlth   ..........              (no amulet)
HPRegen 0.16/turn               (no ring)
MPRegen 0.09/turn               (no ring)

@: lethally poisoned (-2 -> -34)
A: horns 2, retaliatory headbutt
a: no special abilities


You were on level 3 of the Dungeon.
You visited 1 branch of the dungeon, and saw 3 of its levels.

You collected 120 gold pieces.

Inventory:

Hand Weapons
 a - a +0 long sword
 n - a +2 whip of pain (weapon)
Armour
 b - a +0 scale mail
 c - a +1 buckler (worn)
 g - a +0 chain mail (worn)
Wands
 k - a wand of charming (8)
Scrolls
 h - a scroll of poison
 i - a scroll of amnesia
Potions
 d - 2 potions of might
 e - 2 potions of cancellation {unknown}
 f - a potion of flight {unknown}
 j - a potion of heal wounds {unknown}
 l - a potion of degeneration {unknown}
 m - a potion of brilliance {unknown}


   Skills:
 - Level 5.4 Fighting
 - Level 2.5 Long Blades
 - Level 4.0 Armour
 + Level 3.2 Dodging
 - Level 4.0 Shields


You had 4 spell levels left.
You didn't know any spells.
Your spell library contained the following spells:

 Spells                   Type           Power      Damage    Failure   Level
 Summon Small Mammal      Summ           0%         N/A       99%         1
 Call Canine Familiar     Summ           0%         N/A       100%        3
 Summon Guardian Golem    Hex/Summ       0%         N/A       100%        3


Dungeon Overview and Level Annotations

Branches:
Dungeon (3/15)

Altars:
Dithmenos

Annotations:
D:3 Terence


Innate Abilities, Weirdness & Mutations

You have a pair of horns on your head.
You reflexively headbutt those who attack you in melee.


Message History

You barely miss Terence.
Terence hits you with a +4 short sword of venom.
You are poisoned.
You completely miss Terence.
You feel sick.
Terence hits you with a +4 short sword of venom!
You are more poisoned.
You hit Terence but do no damage.
You feel very sick. Terence hits you but does no damage.
You barely miss Terence.
You feel very sick. You block Terence's attack.
You closely miss Terence. You headbutt Terence!
Terence is moderately wounded.
You feel sick. You block Terence's attack.
You hit Terence but do no damage. Your headbutt misses Terence.
Terence is moderately wounded.
You feel sick. You block Terence's attack. Terence hits you but does no damage.
You are more poisoned.
You barely miss Terence. Your headbutt misses Terence.
Terence is moderately wounded.
You feel very sick. You block Terence's attack.
You hit Terence.
Terence is severely wounded.
You feel very sick.
Terence hits you with a +4 short sword of venom.
You are lethally poisoned!
You closely miss Terence.
Terence is severely wounded.
* * * LOW HITPOINT WARNING * * *
You feel very sick.
Terence hits you with a +4 short sword of venom.
* * * LOW HITPOINT WARNING * * *
You are more poisoned.
Level annotation: Terence Welcome back, GigaChad the Minotaur Fighter.
Press ? for a list of commands and other information.
Terence attacks as you move away! Terence closely misses you.
You die...

####.# #...#...#.#
#.####. ####'##
#...#..##.# #.#....
......# ###..>###.#
#...### ......# #.....#
#.############# ......#
#.#.#####.............#
####'##
#.#.....^############.#
###'####.######.# #.#
#.........###.#.########
#.#
#.....##.†...<#@.@.....#
#.###
#(....###.#####........#
#.##. #.....#.....
..........# #.##.
#.....#.#.######.......#
#.... #.......#....#
#.......# #####
#....####....# #.......#
#....+ .....# #.......#
##...# #.......# #...#
#.......#######


You could see Terence.

Vanquished Creatures
  7 adders
  3 gnolls (D:3)
  2 worms
  A dart slug (D:1)
  8 bats
  5 endoplasms
  6 giant cockroaches
  5 hobgoblins
  5 kobolds
  2 quokkas (D:1)
  6 ball pythons
  4 frilled lizards
  3 goblins (D:2)
  9 rats
66 creatures vanquished.

Vanquished Creatures (others)
  4 plants (D:3)
4 creatures vanquished.

Grand Total: 70 creatures vanquished

Notes
Turn   | Place    | Note
-------+----------+-------------------------------------------
     0 | D:1      | GigaChad the Minotaur Fighter began the quest for the Orb.
     0 | D:1      | Reached XP level 1. HP: 19/19 MP: 0/0
   117 | D:1      | Reached XP level 2. HP: 13/27 MP: 1/1
   323 | D:1      | Reached skill level 4 in Fighting
   478 | D:1      | Reached XP level 3. HP: 27/34 MP: 2/2
  1057 | D:2      | Found a shadowy altar of Dithmenos.
  1066 | D:2      | Reached skill level 5 in Fighting
  1470 | D:2      | Found a faded altar of an unknown god.
  1713 | D:2      | Reached XP level 4. HP: 20/42 MP: 3/3
  2161 | D:2      | Reached skill level 1 in Dodging
  2847 | D:3      | Reached XP level 5. HP: 14/48 MP: 4/4
  3744 | D:3      | Noticed Terence
  3757 | D:3      | Succumbed to Terence's poison

Illustrated notes

Levels and vault maps discovered:
D:1:      psy_arrival_radial01, layout_basic,
          nicolae_concentric_dashed_squares_wild, st_stairs_10, minmay_circled_x
D:2:      layout_basic, basic_altar, ebering_ecumenical_altar_webs
D:3:      layout_basic, serial_forest, infiniplex_forest_fountain,
          infiniplex_forest_lined_2, infiniplex_forest_clump_tiny,
          infiniplex_forest_zigzag_2, infiniplex_forest_clump_double,
          uniq_terence

Skill      XL: |  1  2  3  4  5 |
---------------+----------------+-----
Armour         | 4 |  4.0
Fighting       | 4 5 |  5.4
Shields        | 4 |  4.0
Dodging        | 2 3 |  3.2
Long Blades    | |  2.5

Action                   |  1- 3 |  4- 6 || total
-------------------------+-------+-------++-------
Melee: Long sword        |   105 |    28 ||   133
       Headbutt          |    13 |     9 ||    22
       Whip              |       |    37 ||    37
  Use: Scroll            |       |     4 ||     4
Armor: Scale mail        |    42 |       ||    42
       Chain mail        |    39 |    33 ||    72
Dodge: Dodged            |    82 |    38 ||   120
Block: Buckler           |    37 |    20 ||    57
